 Dungeon Sprint DCSS version 0.31-a0-638-g26219f789d (webtiles) character file.

Game seed: 15381451502496328170

663 Conn the Arsonist (level 7, -9/42 HPs)
             Began as an Octopode Fire Elementalist on Aug 26, 2023.
             Was an Initiate of Sif Muna.
             Mangled by a polar bear (17 damage)
             ... in the Dungeon (Sprint II: "The Violet Keep of Menkaure").
             The game lasted 00:01:54 (221 turns).

Conn the Arsonist (Octopode Fire Elementalist)       Turns: 221, Time: 00:01:55

Health: -9/42      AC:  1    Str:  7    XL:     7   Next: 56%
Magic:  3/19       EV: 15    Int: 19    God:    Sif Muna [......]
Gold:   243        SH:  0    Dex: 13    Spells: 13/23 levels left

rFire   . . .        (no weapon)
rCold   . . .        (no shield)
rNeg    . . .        (helmet restricted)
rPois   .            (no amulet)
rElec   .            (no ring)
rCorr   .            (no ring)
SInv    .            (no ring)
Will    .....        (no ring)
Stlth   +++          (no ring)
HPRegen 0.27/turn    (no ring)
MPRegen 0.16/turn    (no ring)
                     (no ring)

%: no teleportation
@: no status effects
A: almost no armour, amphibious, 8 rings, camouflage 1, gelatinous body 1,
(nimble swimmer 1), tentacles
a: Renounce Religion


You were in the Dungeon.
You worshipped Sif Muna.
Sif Muna was noncommittal.
You visited 1 branch You collected 243 gold pieces.

Inventory:

Potions
 a - 3 potions of magic
 c - a potion of heal wounds
 d - a potion of haste


   Skills:
 + Level 0.4 Fighting
 + Level 5.4 Dodging
 - Level 4.1 Stealth
 - Level 0.6 Unarmed Combat
 * Level 8.6 Spellcasting
 * Level 6.0 Conjurations
 + Level 10.6 Fire Magic


You had 13 spell levels left.
You knew the following spells:

 Your Spells              Type           Power      Damage    Failure   Level
a - Foxfire               Conj/Fire      100%       2x1d9     1%          1
b - Scorch                Fire           96%        2d9       1%          2
c - Inner Flame           Hex/Fire       28%        N/A       3%          3
d - Flame Wave            Conj/Fire      39%        2d11      2%          4

Your spell library contained the following spells:

 Spells                   Type           Power      Damage    Failure   Level
 Volatile Blastmotes      Fire/Tloc      56%        2d14      3%          3


Dungeon Overview and Level Annotations

Branches:
Dungeon (1/1)

Altars:
Cheibriados
Dithmenos
Elyvilon
Fedhas
Gozag
Hepliaklqana
Kikubaaqudgha
Makhleb
Nemelex Xobeh
Okawaru
Qazlal
Ru
Sif Muna
Trog
Uskayaw
Vehumet
Wu Jian
Xom
Yredelemnul
Zin
The Shining One
Jiyva
Lugonu


Innate Abilities, Weirdness & Mutations

You cannot wear most types of armour.
You are amphibious.
You can wear up to eight rings at the same time.
Your skin changes colour to match your surroundings (Stealth+).
Your rubbery body absorbs attacks. (AC +1, EV +1)
((You are camouflaged when in or above water. (Stealth+)))
You have tentacles for arms and can constrict up to eight enemies at once.


Message History

You aren't carrying any items that you can evoke.
Unknown command.
Unknown command.
Casting: Scorch (safe; 1% risk of failure)
Confirm with . or Enter, or press ? or * to list all spells.
You conjure some foxfire!
Unknown command.
Casting: Foxfire (safe; 1% risk of failure)
Confirm with . or Enter, or press ? or * to list all spells.
Flames lash the polar bear.
The polar bear is lightly wounded.
The polar bear's fire resistance burns away.
The foxfire hits the polar bear but does no damage.
The polar bear is lightly wounded.
The foxfire hits the polar bear!
The polar bear is burned terribly!
The polar bear is moderately wounded.
Unknown command.
Casting: Scorch (safe; 1% risk of failure)
Confirm with . or Enter, or press ? or * to list all spells.
Flames lash the polar bear.
The polar bear is burned terribly!
The polar bear is heavily wounded.
The water moccasin hisses angrily.
Unknown command.
Casting: Scorch (safe; 1% risk of failure)
Confirm with . or Enter, or press ? or * to list all spells.
Casting: Flame Wave (dangerous; 2% risk of failure)
Press: ? - help, Dir - look around, f - activate A wave of flame ripples out!
The flame wave engulfs the polar bear!
The polar bear is burned terribly!
The polar bear is almost dead. (Press . to intensify the flame waves.)
The polar bear goes berserk!
Unknown command.
A wave of flame ripples out!
The flame wave engulfs the polar bear!
The polar bear is burned terribly!
The polar bear is almost dead.
The polar bear barely misses you. x2
The polar bear claws you but does no damage.
The polar bear bites you!
You die...

#......~~~~†~~~~~~~~.──Xw≈
~~.....~#'########'###ww≈≈
~~~~~..~#.._._._.#~~~## ≈
~~~~~~.~#._._._..#~§≈≈##
≈≈§§§§~~#_._._._.#~§~§≈#
§≈≈§§~~~#._._._._#§§~§§≈
§§≈§≈≈§~#.._._._.#§~§~~≈
≈§≈###§≈#..._._h_#§§§§≈~
#§≈#...._._@#S~§§≈≈
#§§#....._._#§≈§§▓▓
≈§§##########~≈≈≈▓z
####~~~~~~~~§≈≈≈≈▓z
###~########≈▓▓▓▓▓ ##~ ▓▓


You could see a polar bear (berserk, combustible), a water moccasin and 2 flying
skulls.

Vanquished Creatures
  Menkaure (D)
  3 water moccasins (D)
  4 necrophages (D)
8 creatures vanquished.

Vanquished Creatures (others)
  6 foxfires (D)
  4 tentacles (D)
10 creatures vanquished.

Grand Total: 18 creatures vanquished

Notes
Turn   | Place    | Note
-------+----------+-------------------------------------------
     0 | D        | Conn the Octopode Fire Elementalist began the quest for the
                  | Orb.
     0 | D        | Reached XP level 1. HP: 11/11 MP: 3/3
     1 | D        | Noticed a wyvern
     1 | D        | Noticed a wyvern
     4 | D        | Noticed a necrophage
     4 | D        | Noticed a necrophage
     4 | D        | Noticed a necrophage
     4 | D        | Noticed a necrophage
     9 | D        | Killed a necrophage
    10 | D        | Reached skill level 6 in Fire Magic
    10 | D        | Reached XP level 2. HP: 17/17 MP: 3/6
    10 | D        | Reached XP level 3. HP: 21/21 MP: 4/8
    10 | D        | Reached XP level 4. HP: 27/27 MP: 4/9
    10 | D        | Killed a necrophage
    11 | D        | Reached skill level 7 in Fire Magic
    11 | D        | Reached XP level 5. HP: 31/31 MP: 4/11
    13 | D        | Reached skill level 5 in Spellcasting
    13 | D        | Reached skill level 8 in Fire Magic
    18 | D        | Reached XP level 6. HP: 36/36 MP: 4/14
    27 | D        | Noticed Menkaure
    32 | D        | Learned a level 2 spell: Scorch
    36 | D        | Learned a level 3 spell: Inner Flame
    41 | D        | Learned a level 4 spell: Flame Wave
    44 | D        | Killed Menkaure
    45 | D        | Reached skill level 5 in Dodging
    45 | D        | Reached skill level 9 in Fire Magic
    50 | D        | Noticed a water moccasin
    57 | D        | Killed a water moccasin
    58 | D        | Reached skill level 5 in Conjurations
    58 | D        | Reached skill level 10 in Fire Magic
    58 | D        | Reached XP level 7. HP: 12/41 MP: 0/18
   173 | D        | Found a hazy altar of Hepliaklqana.
   173 | D        | Found a snail-covered altar of Cheibriados.
   174 | D        | Found a stormy altar of Qazlal.
   174 | D        | Found a viscous altar of Jiyva.
   174 | D        | Found a shadowy altar of Dithmenos.
   175 | D        | Found a sacrificial altar of Ru.
   175 | D        | Found an ancient bone altar of Kikubaaqudgha.
   175 | D        | Found a white marble altar of Elyvilon.
   176 | D        | Found an ornate altar of the Wu Jian Council.
   176 | D        | Found a shimmering blue altar of Sif Muna.
   176 | D        | Found a corrupted altar of Lugonu.
   177 | D        | Found a shimmering altar of Xom.
   177 | D        | Found a bloodstained altar of Trog.
   177 | D        | Found a burning altar of Makhleb.
   178 | D        | Found a glowing golden altar of the Shining One.
   178 | D        | Found a basalt altar of Yredelemnul.
   178 | D        | Found a hide-covered altar of Uskayaw.
   180 | D        | Found a glowing silver altar of Zin.
   180 | D        | Found a radiant altar of Vehumet.
   180 | D        | Found a blossoming altar of Fedhas.
   180 | D        | Found a sparkling altar of Nemelex Xobeh.
   181 | D        | Found an opulent altar of Gozag.
   181 | D        | Found an iron altar of Okawaru.
   185 | D        | Became a worshipper of Sif Muna the Loreminder
   198 | D        | Noticed a kraken
   209 | D        | Noticed a polar bear
   210 | D        | Noticed a hornet
   210 | D        | Noticed a yaktaur
   210 | D        | Noticed a polar bear
   216 | D        | Noticed a flying skull
   216 | D        | Noticed a flying skull
   219 | D        | Noticed a flying skull
   221 | D        | Mangled by a polar bear

Illustrated notes

Levels and vault maps discovered:
D:        the_violet_keep_of_menkaure [sprint2_stairs_cluster_1,
          sprint2_shoproom, sprint2_temple, sprint2_basic_supplies,
          sprint2_obstacle_1, sprint2_obstacle_3, sprint2_obstacle_5,
          sprint2_obstacle_2, sprint2_obstacle_6, sprint2_timed_cluster_1,
          sprint2_smallroom_cluster_1, sprint2_smallroom_final_cluster_1,
          sprint2_transparent_cluster_1, sprint2_second_timed_cluster_1,
          sprint2_sniper_area_1, sprint2_heavy_combat_area_1,
          sprint2_mutation_trap_area_1, sprint2_forest_area_1,
          sprint2_light_combat_area_1, sprint2_behind_water_1,
          sprint2_near_end_vault_1]

Skill      XL: |  1  2  3  4  5  6  7 |
---------------+----------------------+-----
Dodging        | 3 4 5 |  5.4
Stealth        | 4 |  4.1
Spellcasting   | 3 4 5 7 8 |  8.6
Fire Magic     | 6 7 8 10 | 10.6
Conjurations   | 2 4 5 6 |  6.0
Fighting       | |  0.4
Unarmed Combat | |  0.6

Action                     |  1- 3 |  4- 6 |  7- 9 || total
---------------------------+-------+-------+-------++-------
  Melee: Unarmed           |     4 |    10 |     1 ||    15
         Tentacles         |     2 |     3 |       ||     5
         Constrict         |     1 |     3 |       ||     4
   Cast: Scorch            |       |     5 |     5 ||    10
         Foxfire           |       |     1 |     2 ||     3
         Flame Wave        |       |       |     1 ||     1
    Use: Potion            |     1 |       |     1 ||     2
         Scroll            |       |       |     1 ||     1
 Armour: Skin              |       |     1 |     1 ||     2
  Dodge: Dodged            |     1 |     3 |     3 ||     7

Table legend: (Time is in decaauts)
 A = Elapsed time spent in this place.
 B = Non-inter-level travel time spent in this place.
 C = Inter-level travel time spent in this place.
 D = Time resting spent in this place.
 E = Time spent auto-exploring this place.
 F = Levels seen in this place.
 G = Mean time per level.
                   A        B        C        D        E       F      G
               +--------+--------+--------+--------+--------+-----+--------+
         Total |    227 |    227 |      0 |    102 |      0 |   1 |  227.0 |
       Dungeon |    227 |    227 |      0 |    102 |      0 |   1 |  227.0 |
               +--------+--------+--------+--------+--------+-----+--------+

Top non-repeatable levels by time:
       D: 227 daAuts
